 Dungeon Crawl Stone Soup version 0.31-a0-844-gdc52ec4e09 (webtiles) character file.

Game seed: 16751486072380813991

29 Dirtsage the Chopper (level 3, 21/29 HPs)
             Began as a Demonspawn Berserker on Sept 28, 2023.
             Was a Follower of Trog.
             Quit the game on level 2 of the Dungeon.
             The game lasted 00:01:47 (1432 turns).

Dirtsage the Chopper (Demonspawn Berserker)         Turns: 1432, Time: 00:01:47

Health: 21/29      AC:  8    Str: 19    XL:     3   Next: 1%
Magic:  3/3        EV: 10    Int:  8    God:    Trog [*.....]
Gold:   80         SH:  0    Dex: 12    Spells: 2/2 levels left

rFire   . . .        a - +0 hand axe
rCold   . . .        (no shield)
rNeg    . . .        m - +0 scale mail
rPois   .            (no helmet)
rElec   .            (no cloak)
rCorr   .            (no gloves)
SInv    .            i - +1 pair of boots
Will    .....        (no amulet) Stlth
                     (no ring)
HPRegen 0.24/turn    (no ring)
MPRegen 0.08/turn

%: no passive effects
@: no status effects
A: demonic guardian 1, ignite blood 1
a: Renounce Religion, Berserk


You were on level 2 of the Dungeon.
You worshipped Trog.
Trog was aware of your devotion.
You visited 1 branch of the dungeon, and saw 2 of its levels.

You collected 80 gold pieces.

Inventory:

Hand Weapons
 a - a +0 hand axe (weapon)
 l - a +2 mace of protection
Armour
 b - a +0 animal skin
 i - a +1 pair of boots (worn)
 m - a +0 scale mail (worn)
Jewellery
 n - a ring of willpower
Scrolls
 c - a scroll of blinking {unknown}
 d - 3 scrolls of teleportation {unknown}
 h - a scroll of summoning {unknown}
Potions
 e - a potion of lignification {unknown}
 f - 2 potions of brilliance {unknown}
 g - 2 potions of curing {unknown}
 j - a potion of might {unknown}
 k - a potion of cancellation {unknown}


   Skills:
 - Level 3.0 Fighting
 + Level 3.8 Axes
 - Level 1.7 Armour
 - Level 1.7 Dodging


You had 2 spell levels left.
You didn't know any spells.
Your spell library contained the following spells:

 Spells                   Type           Power      Damage    Failure   Level
 Brom's Barrelling Bould  Conj/Erth      0%         2d3       100%        4
 Fireball                 Conj/Fire      0%         3d3       100%        5
 Iskenderun's Battlesphe  Conj           0%         2d6       100%        5
 Conjure Ball Lightning   Conj/Air       0%         3x3d6     100%        6
 Orb of Destruction       Conj           0%         9d5       100%        7


Dungeon Overview and Level Annotations

Branches:
Dungeon (2/15)

Altars:
Fedhas


Innate Abilities, Weirdness & Mutations

A weak demonic guardian rushes to your aid.
Your demonic aura sometimes causes spilled blood to erupt in flames.


Message History

No target in view!
No target in view!
You see here a rat corpse.
n - a ring of willpower No target in view!
No target in view!
No target in view!
An endoplasm comes into view.
The endoplasm quivers.
You see here 15 gold pieces.
A ball python comes into view.
The ball python hisses angrily.
The endoplasm freezes you.
You are frozen.
You take 3 damage, and have 21/24 hp.
You hit the endoplasm but do no damage. The endoplasm freezes you.
You are frozen.
You take 3 damage, and have 18/24 hp.
You slash the endoplasm!
You kill the endoplasm!
Trog accepts your kill.
You closely miss the ball python.
The ball python bites you but does no damage.
The ball python closely misses you.
You barely miss the ball python. The ball python bites you.
The ball python grabs you. The ball python constricts you.
The ball python barely misses you. The ball python constricts you.
You take 2 damage, and have 17/24 hp.
You slash the ball python!
You kill the ball python!
Trog accepts your kill.
You have reached level 3!
Your experience leads to an increase in your attributes!
Increase (s)trength, (i)ntelligence, or (d)exterity?
You feel stronger. x2; Your demonic ancestry asserts itself...
Your blood heats up.
You regained 4 hp, and now have 21/29 hp.
MP restored: 3 Are you sure you want to abandon this character and quit the game? (Confirm with "yes".)

###############
#..............
#..........?...
#..............
#..............
####...[.(........
..#......@...[...
#.#..............
#######.#...$..........
###
.......................
.>.
.......................
#.###
..####..##############
#.#<# ##.## ##########
#.#.# #..###.........
#.#.# #......########
##.#.#


There were no monsters in sight!

Vanquished Creatures
  4 ball pythons
  3 bats
  3 endoplasms
  A giant cockroach (D:1)
  2 goblins (D:1)
  A hobgoblin (D:1)
  2 jackals (D:1)
  2 quokkas (D:1)
  A frilled lizard (D:1)
  4 kobolds (D:1)
  2 rats (D:2)
25 creatures vanquished.

Notes
Turn   | Place    | Note
-------+----------+-------------------------------------------
     0 | D:1      | Dirtsage the Demonspawn Berserker began the quest for the
                  | Orb.
     0 | D:1      | Reached XP level 1. HP: 18/18 MP: 1/1
   293 | D:1      | Gained mutation: A weak demonic guardian rushes to your
                  | aid. [demonic ancestry]
   293 | D:1      | Reached XP level 2. HP: 23/24 MP: 2/2
   362 | D:1      | Found a faded altar of an unknown god.
  1174 | D:2      | Found a blossoming altar of Fedhas.
  1432 | D:2      | Gained mutation: Your demonic aura sometimes causes spilled
                  | blood to erupt in flames. [demonic ancestry]
  1432 | D:2      | Reached XP level 3. HP: 21/29 MP: 3/3
  1432 | D:2      | Quit the game

Illustrated notes

Levels and vault maps discovered:
D:1:      evilmike_arrival_fibonacci_small, layout_basic,
          basic_ecumenical_altar, grunt_decor_cap
D:2:      layout_basic, serial_shops, nicolae_lakefront_shop, basic_altar

Skill      XL: |  1 |
---------------+----+-----
Axes           | 3 |  3.8
Fighting       | |  3.0
Armour         | |  1.7
Dodging        | |  1.7

Action                     || total
---------------------------++-------
  Melee: Hand axe          ||    66
 Armour: Animal skin       ||    25
         Scale mail        ||     3
  Dodge: Dodged            ||    39

Table legend: (Time is in decaauts)
 A = Elapsed time spent in this place.
 B = Non-inter-level travel time spent in this place.
 C = Inter-level travel time spent in this place.
 D = Time resting spent in this place.
 E = Time spent auto-exploring this place.
 F = Levels seen in this place.
 G = Mean time per level.
                   A        B        C        D        E       F      G
               +--------+--------+--------+--------+--------+-----+--------+
         Total |   1442 |   1303 |    139 |     38 |   1073 |   2 |  721.0 |
       Dungeon |   1442 |   1303 |    139 |     38 |   1073 |   2 |  721.0 |
               +--------+--------+--------+--------+--------+-----+--------+

Top non-repeatable levels by time:
     D:1: 1182 daAuts
     D:2: 260 daAuts
